 Dungeon Crawl Stone Soup version 0.29.1-1-gd02db6906a (webtiles) character file.

Game seed: 8415537441633472600

972 Ashen the Chiller (level 7, 0/46 HPs)
             Began as a Demonspawn Ice Elementalist on Oct 20, 2022.
             Slain by a centaur (2 damage)
             ... on level 6 of the Dungeon.
             The game lasted 00:09:36 (6152 turns).

Ashen the Chiller (Demonspawn Ice Elementalist)     Turns: 6152, Time: 00:09:40

Health: 0/46       AC:  4    Str:  8    XL:     7   Next: 94%
Magic:  0/13       EV: 13    Int: 18    God:
Gold:   204        SH:  0    Dex: 14    Spells: 14/15 levels left

rFire   . . .      SeeInvis .   f - +0 dagger (venom)
rCold   . . .      Faith    .   (no shield)
rNeg    . . .      Spirit   +   a - +0 robe
rPois   +          Reflect  .   (no helmet)
rElec   .          Harm     .   (no cloak)
rCorr   .          Rampage  .   (no gloves)
Will    +....                   (no boots)
Stlth   +++.......              (no amulet)
HPRegen 0.15/turn               d - ring of willpower
MPRegen 0.26/turn               w - ring of poison resistance

@: no status effects
A: hooves 1, slimy green scales 1, magic shield, magic regeneration
a: no special abilities


You were on level 6 of the Dungeon.
You visited 1 branch of the dungeon, and saw 6 of its levels.

You collected 204 gold pieces.

Inventory:

Hand Weapons
 f - a +0 dagger of venom (weapon)
 v - a +1 hand axe of distortion
Armour
 a - a +0 robe (worn)
Magical Staves
 z - a staff of cold
Jewellery
 d - a ring of willpower (left hand)
 w - a ring of poison resistance (right hand)
 A - a +6 ring of intelligence
Wands
 q - a wand of paralysis (14) (quivered)
Scrolls
 c - a scroll of fear {unknown}
 g - 9 scrolls of identify {unknown}
 h - 2 scrolls of enchant armour {unknown}
 i - a scroll of acquirement {unknown}
 j - a scroll of immolation {unknown}
 k - 3 scrolls of magic mapping {unknown}
 o - 4 scrolls of teleportation {unknown}
 r - 2 scrolls of butterflies {unknown}
 s - a scroll of vulnerability {unknown}
 u - 2 scrolls of poison {unknown}
 y - 2 scrolls of noise {unknown}
Potions
 b - 2 potions of magic
 e - a potion of curing {unknown}
 l - 2 potions of mutation {unknown}
 m - 2 potions of ambrosia {unknown}
 n - 2 potions of degeneration {unknown}
 p - a potion of attraction {unknown}
 t - 3 potions of heal wounds {unknown}
 x - 2 potions of invisibility {unknown}


   Skills:
 + Level 4.4 Dodging
 + Level 4.8 Stealth
 + Level 4.6 Spellcasting
 + Level 5.5 Ice Magic


You had 14 spell levels left.
You knew the following spells:

 Your Spells              Type           Power      Damage    Failure   Level
a - Freeze                Ice            92%        1d10      1%          1

Your spell library contained the following spells:

 Spells                   Type           Power      Damage    Failure   Level
 Frozen Ramparts          Ice            46%        1d7       4%          3
 Ozocubu's Armour         Ice            23%        N/A       4%          3
 Poisonous Vapours        Pois/Air       8%         N/A       22%         2
 Hailstorm                Conj/Ice       14%        3d5       41%         4
 Corpse Rot               Necr/Pois/Air  4%         N/A       80%         4


Dungeon Overview and Level Annotations

Branches:
Dungeon (6/15)
 Temple: D:4-7

Altars:
Wu Jian

Annotations:
D:3 Ijyb


Innate Abilities, Weirdness & Mutations

You have large cloven feet.
You are partially covered in slimy green scales. (AC +2)
When hurt, damage is shared between your health and your magic reserves.
You regenerate magic rapidly.


Message History

Aiming: Freeze (safe; 1% risk of failure)
Press: ? - help, Shift-Dir - straight line, f/p - centaur
Aim: a centaur (heavily wounded, very poisoned)
You freeze the centaur.
The centaur is severely wounded.
The centaur barely misses you. The centaur kicks you.
* * * LOW HITPOINT WARNING * * *
Casting: Freeze (safe; 1% risk of failure)
Confirm with . or Enter, or press ? or * to list all spells.
Aiming: Freeze (safe; 1% risk of failure)
Press: ? - help, Shift-Dir - straight line, f/p - centaur
Aim: a centaur (severely wounded, poisoned)
You freeze the centaur.
The centaur is severely wounded.
The centaur barely misses you. The centaur closely misses you.
The centaur hits you. The centaur kicks you.
* * * LOW HITPOINT WARNING * * *
You hit the centaur but do no damage.
The centaur looks even sicker.
You kick the centaur, but do no damage.
The centaur is severely wounded.
The centaur hits you but does no damage.
The centaur barely misses you.
You closely miss the centaur. You kick the centaur, but do no damage.
The centaur is severely wounded.
The centaur barely misses you. The centaur misses you.
The centaur hits you but does no damage.
The centaur kicks you but does no damage.
You hit the centaur but do no damage. Your kick misses the centaur.
The centaur is severely wounded.
The centaur closely misses you. The centaur kicks you.
* * * LOW HITPOINT WARNING * * *
Casting: Freeze (safe; 1% risk of failure)
Confirm with . or Enter, or press ? or * to list all spells.
Aiming: Freeze (safe; 1% risk of failure)
Press: ? - help, Shift-Dir - straight line, f/p - centaur
Aim: a centaur (severely wounded, very poisoned)
You freeze the centaur.
The centaur is almost dead.
The centaur hits you.
You die...

####### .#.....
##....... ......>..
##........ .......>.
#c....... ######
##@...K... #....#
#.)....... #. #....#
#.#....... #. #....#
#.#[...<.. #. #....#
#)#.......
###.####....###)#.......
#.......................
#......................
##.#.....####^####......


You could see a centaur (very poisoned) and a kobold.

Vanquished Creatures
  Grinder (D:3)
  A black bear (D:6)
  A centaur (D:5)
  A kobold brigand (D:6)
  A necrophage (D:5)
  A scorpion (D:3)
  2 hounds (D:5)
  A jelly (D:5)
  Jessica (D:2)
  An iguana (D:4)
  4 orc wizards
  Robin (D:3)
  7 adders
  A gnoll (D:1)
  A worm (D:3)
  3 dart slugs
  10 orcs
  8 bats
  6 endoplasms
  2 giant cockroaches
  10 goblins
  11 hobgoblins
  2 quokkas (D:1)
  3 ball pythons
  4 frilled lizards
  11 kobolds
  5 rats (D:1)
100 creatures vanquished.

Vanquished Creatures (others)
  13 fungi (D:6)
13 creatures vanquished.

Grand Total: 113 creatures vanquished

Notes
Turn   | Place    | Note
-------+----------+-------------------------------------------
     0 | D:1      | Ashen the Demonspawn Ice Elementalist began the quest for
                  | the Orb.
     0 | D:1      | Reached XP level 1. HP: 13/13 MP: 3/3
   635 | D:1      | Gained mutation: You regenerate magic rapidly. [demonic
                  | ancestry]
   635 | D:1      | Reached XP level 2. HP: 9/19 MP: 3/5
  1095 | D:1      | Gained mutation: You are partially covered in slimy green
                  | scales. (AC +2) [demonic ancestry]
  1095 | D:1      | Reached XP level 3. HP: 15/24 MP: 6/6
  2272 | D:2      | Noticed Jessica
  2276 | D:2      | Killed Jessica
  2277 | D:2      | Reached skill level 4 in Ice Magic
  2277 | D:2      | Reached XP level 4. HP: 30/30 MP: 6/8
  2615 | D:3      | Noticed Ijyb
  3001 | D:3      | Noticed Grinder
  3011 | D:3      | Paralysed by Grinder for 2 turns
  3013 | D:3      | HP: 1/30 [Grinder (6)]
  3018 | D:3      | Killed Grinder
  3019 | D:3      | Gained mutation: When hurt, damage is shared between your
                  | health and your magic reserves. [demonic ancestry]
  3019 | D:3      | Reached XP level 5. HP: 2/35 MP: 8/10
  3019 | D:3      | Reached XP level 6. HP: 2/41 MP: 8/11
  3431 | D:3      | Noticed Robin
  3631 | D:3      | Killed Robin
  4767 | D:5      | Entered Level 5 of the Dungeon
  4842 | D:5      | Gained mutation: You have large cloven feet. [demonic
                  | ancestry]
  4842 | D:5      | Reached XP level 7. HP: 11/42 MP: 3/12
  5125 | D:5      | Reached skill level 5 in Ice Magic
  6102 | D:6      | Found an ornate altar of the Wu Jian Council.
  6151 | D:6      | HP: 2/46 [centaur (1)]
  6152 | D:6      | Slain by a centaur

Illustrated notes

Levels and vault maps discovered:
D:1:      mrwooster_arrival_arrow, layout_basic, minmay_tetromino_t4
D:2:      layout_loops_ring, uniq_jessica
D:3:      layout_basic, uniq_robin, uniq_grinder, uniq_ijyb
D:4:      layout_loops_ring, st_stairs_3
D:5:      layout_rooms, dk_rats_in_the_wall
D:6:      layout_rooms, lemuel_tele_altar, minmay_temple_entry_wispy,
          serial_aquarium, aquarium_bridge_island_large
          [aquarium_subvault_large_1_pool, aquarium_subvault_window,
          aquarium_subvault_bridge, aquarium_subvault_wall,
          aquarium_subvault_bridge], aquarium_bridge_long_joined
          [aquarium_subvault_window, aquarium_subvault_window,
          aquarium_subvault_bridge, aquarium_subvault_bridge,
          aquarium_subvault_wall, aquarium_subvault_window],
          aquarium_window_fake, aquarium_window_corridor_1,
          aquarium_window_fake, aquarium_window_1, aquarium_view_2b,
          aquarium_view_2f, aquarium_pool_1

Skill      XL: |  1  2  3  4  5  6  7 |
---------------+----------------------+-----
Stealth        | 2 3 4 |  4.8
Dodging        | 2 3 4 |  4.4
Ice Magic      | 4 5 |  5.5
Spellcasting   | 3 4 |  4.6

Action                   |  1- 3 |  4- 6 |  7- 9 || total
-------------------------+-------+-------+-------++-------
Melee: Dagger            |    94 |   182 |    69 ||   345
       Kick              |       |       |    20 ||    20
       Punch             |       |       |     1 ||     1
 Cast: Freeze            |    12 |    16 |    15 ||    43
Evoke: Wand              |       |     1 |     4 ||     5
 Stab: Sleeping          |     5 |     4 |     3 ||    12
       Paralysed         |       |     4 |     3 ||     7
Armor: Robe              |    16 |    35 |    28 ||    79
Dodge: Dodged            |    60 |   109 |    70 ||   239
